AoeStats
← [NICE_ASS] BigMasi

Scandinavia

510354410Analyzed
1v1 RM · 21h ago on Sep 30, 2026· 40m 10s· 2 players
Game mode
Random Map
Map size
Tiny (2 player)
Population
200
Speed
Normal
Resources
Standard
Victory
Conquest
Starting age
Dark Age
Ending age
Imperial Age
RankedLock teamsTeams togetherTeam positionsShared explorationLock speedFull tech treeHidden civsTurbo modeCheats
Victory
Defeat
🇵🇹 Goths · Portugal
1440
+12
🇨🇭 Koreans · Switzerland
1357
-12
TheCombatWombat
3:43 Loom
10:32 Feudal Age
10:49 Man-at-Arms
12:42 Double-Bit Axe
13:03 Scale Mail Armor
14:34 Forging
17:28 Horse Collar
24:21 Castle Age
22:55 Fishing Lines
26:03 Town Watch
28:17 Bow Saw
28:38 Anarchy
28:59 Chain Mail Armor
29:19 Iron Casting
31:55 Fletching
33:04 Squires
35:24 Wheelbarrow
35:43 Heavy Plow
[NICE_ASS] BigMasi
8:48 Loom
10:33 Feudal Age
12:10 Double-Bit Axe
13:26 Double-Bit Axe
17:40 Fletching
21:57 Gold Mining
27:43 Castle Age
27:52 Crossbowman
29:53 Bodkin Arrow
35:06 Imperial Age
32:05 Man-at-Arms
32:52 Scale Mail Armor
35:07 Ballistics
36:58 Chemistry
Connection lost

Rejoining the realm…

Still unreachable

The connection could not be restored.

Session expired

The server has moved on; the page needs a fresh start.